 Dungeon Crawl Stone Soup version 0.32-a0-560-g4c7f4391e0 (webtiles) character file.

Game seed: 4989831995600621187

34 lunkers the Cutter (level 3, -9/26 (27) HPs)
             Began as a Coglin Brigand on Feb 29, 2024.
             Mangled by Crazy Yiuf
             ... wielding a +3 quarterstaff of chaos
              (10 damage)
             ... on level 2 of the Dungeon.
             The game lasted 00:00:50 (1578 turns).

lunkers the Cutter (Coglin Brigand)                 Turns: 1578, Time: 00:00:51

HP:   -9/26 (27)    AC:  3    Str: 13    XL:     3   Next: 31%
MP:   3/3           EV: 11    Int: 10    God:
Gold: 127           SH:  0    Dex: 15    Spells: 2/2 levels left

rFire   . . .        a - +2 dagger {Chang}
rCold   . . .        i - +0 dagger {Suchat}
rNeg    . . .        b - +0 robe
rPois   .            (no helmet)
rElec   .            c - +0 cloak
rCorr   .            (no gloves)
SInv    .            (no boots)
Will    .....        (amulet unavailable)
Stlth   ++           (ring unavailable)
HPRegen 0.24/turn    (ring unavailable)
MPRegen 0.08/turn    (no gizmo)

%: no passive effects
@: lethally poisoned (-9 -> -17), lightly drained, revving
A: off-hand wielding, slow wielding, warmup strikes, no jewelry
a: Invent Gizmo


You were on level 2 of the Dungeon.
You visited 1 branch of the dungeon, and saw 2 of its levels.

You collected 127 gold pieces.

Inventory:

Hand Weapons
 a - a +2 dagger (weapon) {Chang}
 i - a +0 dagger (offhand) {Suchat}
Missiles
 d - 9 poisoned darts
 e - 3 curare-tipped darts
Armour
 b - a +0 robe (worn)
 c - a +0 cloak (worn)
Scrolls
 h - 2 scrolls of amnesia {unknown}
 k - a scroll of fear {unknown}
 l - a scroll of noise {unknown}
Potions
 f - 2 potions of might {unknown}
 g - a potion of attraction {unknown}
 j - 2 potions of curing {unknown}
 m - 2 potions of enlightenment {unknown}


   Skills:
 - Level 2.0 Fighting
 + Level 3.3 Short Blades
 - Level 1.7 Throwing
 - Level 0.8 Dodging
 - Level 3.2 Stealth


You had 2 spell levels left.
You didn't know any spells.
Your spell library contained the following spells:

 Spells                   Type           Power      Damage    Failure   Level
 Call Canine Familiar     Summ           0%         N/A       75%         3
 Sigil of Binding         Hex            0%         N/A       75%         3
 Dimensional Bullseye     Hex/Tloc       0%         N/A       98%         4


Dungeon Overview and Level Annotations

Branches:
Dungeon (2/15)

Altars:

Annotations:
D:2 Crazy Yiuf


Innate Abilities, Weirdness & Mutations

You can wield a second weapon in your off-hand.
It takes a long time for you to wield or remove held weapons.
Your first few attacks do less damage.
You cannot equip rings or amulets.


Message History

Found a hammer.
Found a runed translucent door.
You see here a +1 hat of see invisible.
There is a stone staircase leading up here.
There is an open door here.
There is an open door here.
You see here an adder skeleton.
You see here an adder skeleton.
You open the door.
Unknown command.
There is an open translucent door here.
Crazy Yiuf shouts!
You completely miss Crazy Yiuf with your +0 dagger.
You hit Crazy Yiuf with your +2 dagger.
Crazy Yiuf hits you with a +3 quarterstaff of chaos!
You feel drained.
* * * LOW HITPOINT WARNING * * *
You are too injured to fight recklessly!
Unknown command.
You are too injured to fight recklessly!
You closely miss Crazy Yiuf with your +0 dagger.
Crazy Yiuf is lightly wounded.
You barely miss Crazy Yiuf with your +2 dagger.
Crazy Yiuf twirls on the spot.
Crazy Yiuf hits you with a +3 quarterstaff of chaos!
* * * LOW HITPOINT WARNING * * *
You are lethally poisoned!
You hit Crazy Yiuf with your +0 dagger.
Crazy Yiuf is lightly wounded.
You closely miss Crazy Yiuf with your +2 dagger.
* * * LOW HITPOINT WARNING * * *
You feel very sick. Crazy Yiuf barely misses you.
You closely miss Crazy Yiuf with your +0 dagger.
Crazy Yiuf is lightly wounded.
You closely miss Crazy Yiuf with your +2 dagger.
* * * LOW HITPOINT WARNING * * *
You feel sick.
Crazy Yiuf laughs, "East shrimp bush!"
Crazy Yiuf hits you with a +3 quarterstaff of chaos!
You die...

...# ##.....##
###.# ##.#
##...## #.#
##.########'##
#.# #........####
### #..#####.#
...#####.###
......##.#.#
##### ♣♣####
#.##...#...#
#)..#♣♣ ♣♣....##
#..........#
#.g@'.♣♣♣♣......#
####...###.#
#÷..#♣..♣.......#
##### #.#
#####♣♣♣.♣....#.#
#.# ♣♣♣♣♣###.#
#.# #.# #### ##.#
#.#
###########..#
#.#
#...........##
#.###
#.#######.###


You could see Crazy Yiuf.

Vanquished Creatures
  An adder (D:2)
  A dart slug (D:1)
  A ribbon worm (D:2)
  2 ball pythons (D:1)
  2 endoplasms (D:2)
  2 giant cockroaches
  2 goblins (D:1)
  A hobgoblin (D:1)
  A quokka (D:1)
  2 bats
  2 frilled lizards
  3 kobolds
  A rat (D:2)
21 creatures vanquished.

Notes
Turn   | Place    | Note
-------+----------+-------------------------------------------
     0 | D:1      | lunkers the Coglin Brigand began the quest for the Orb.
     0 | D:1      | Reached XP level 1. HP: 16/16 MP: 1/1
   437 | D:1      | Reached XP level 2. HP: 21/22 MP: 2/2
   829 | D:2      | Reached XP level 3. HP: 23/27 MP: 3/3
  1252 | D:2      | Found a runed translucent door.
  1253 | D:2      | Noticed Crazy Yiuf
  1578 | D:2      | HP: 1/26 [poisoned by Crazy Yiuf]
  1578 | D:2      | Mangled by Crazy Yiuf

Illustrated notes

Levels and vault maps discovered:
D:1:      spicycebolla_arrival_clurvy, layout_basic
D:2:      layout_loops_corners, uniq_crazy_yiuf_cottage

Skill      XL: |  1  2 |
---------------+-------+-----
Short Blades   | 2 3 |  3.3
Fighting       | |  2.0
Throwing       | |  1.7
Dodging        | |  0.8
Stealth        | |  3.2

Action                     || total
---------------------------++-------
  Melee: Dagger            ||    84
   Stab: Sleeping          ||     6
 Armour: Robe              ||    21
  Dodge: Dodged            ||    27

Table legend: (Time is in decaauts)
 A = Elapsed time spent in this place.
 B = Non-inter-level travel time spent in this place.
 C = Inter-level travel time spent in this place.
 D = Time resting spent in this place.
 E = Time spent auto-exploring this place.
 F = Levels seen in this place.
 G = Mean time per level.
                   A        B        C        D        E       F      G
               +--------+--------+--------+--------+--------+-----+--------+
         Total |   1571 |   1558 |     13 |      0 |   1404 |   2 |  785.5 |
       Dungeon |   1571 |   1558 |     13 |      0 |   1404 |   2 |  785.5 |
               +--------+--------+--------+--------+--------+-----+--------+

Top non-repeatable levels by time:
     D:2: 970 daAuts
     D:1: 601 daAuts
